 Dungeon Crawl Stone Soup version 0.27.1-4-g1640c2035a (webtiles) character file.

Game seed: 10689289419763596657

66521 bellerephron the Grappler (level 14, -2/135 HPs)
             Began as a Troll Fighter on Nov 5, 2021.
             Was an Elder of Dithmenos.
             Slain by a black mamba (10 damage)
             ... on level 2 of the Lair of Beasts.
             The game lasted 00:48:20 (10979 turns).

bellerephron the Grappler (Troll Fighter)          Turns: 10979, Time: 00:48:20

Health: -2/135     AC: 11    Str: 31    XL:     14   Next: 79%
Magic:  16/16      EV: 11    Int:  4    God:    Dithmenos [****..]
Gold:   179        SH: 12    Dex:  9    Spells: 13/13 levels left

rFire    + . .     SeeInvis .     - Unarmed
rCold    . . .     Faith    .   b - +0 kite shield
rNeg     . . .     Spirit   .   Q - +0 troll leather armour
rPois    .         Reflect  .   (helmet restricted)
rElec    .         Harm     .   Y - +0 cloak
rCorr    .         Rampage  .   (gloves unavailable)
Will     +....                  (boots unavailable)
Stlth    ++++......             a - amulet of regeneration
HPRegen  3.32/turn              V - +4 ring of protection
MPRegen  0.15/turn              l - ring of protection from fire

@: wreathed by umbra
A: large, unfitting armour, claws 3, regeneration 1, shaggy fur 1, tough skin 1
a: Renounce Religion, Shadow Step


You were on level 2 of the Lair of Beasts.
You worshipped Dithmenos.
Dithmenos was greatly pleased with you.
You visited 3 branches of the dungeon, and saw 14 of its levels.
You also visited: Bailey.

You collected 839 gold pieces.
You spent 660 gold pieces at shops.

Inventory:

Missiles
 j - 121 poisoned darts (quivered)
 m - 76 boomerangs
 n - 6 throwing nets
 I - 2 curare-tipped darts
 S - 6 silver javelins
 U - 2 large rocks
 X - 6 atropa-tipped darts
Armour
 b - a +0 kite shield (worn)
 L - +0 steam dragon scales
 N - the +18 shield of the Gong {rElec rN+ Will+ EV-5}
   (You found it on level 8 of the Dungeon)

   It is deafeningly noisy when blocking attacks.
   EV:        It affects your evasion (-5).
   rElec:     It insulates you from electricity.
   rN:        It protects you from negative energy.
   Will:      It increases your willpower.
 Q - a +0 troll leather armour (worn)
 Y - a +0 cloak (worn)
Jewellery
 a - an amulet of regeneration (around neck)
 h - a ring of see invisible
 l - a ring of protection from fire (right claw)
 M - a ring of protection from cold
 R - a ring of resist corrosion
 V - a +4 ring of protection (left claw)
 W - a ring of flight
Wands
 d - a wand of flame (65)
 o - a wand of polymorph (8)
 r - a wand of iceblast (11)
 v - a wand of acid (8)
 A - a wand of paralysis (21)
Scrolls
 i - a scroll of acquirement {unknown}
 p - 5 scrolls of blinking
 q - a scroll of torment {unknown}
 u - 2 scrolls of fear {unknown}
 w - 5 scrolls of teleportation
 x - 2 scrolls of vulnerability {unknown}
 y - 5 scrolls of fog {unknown}
 z - a scroll of silence {unknown}
 C - 3 scrolls of immolation
 E - 2 scrolls of enchant armour {unknown}
 K - 4 scrolls of enchant weapon {unknown}
 O - a scroll of brand weapon {unknown}
 Z - a scroll of noise {unknown}
Potions
 c - 5 potions of might
 e - 5 potions of flight
 f - 8 potions of mutation
 g - 4 potions of curing {unknown}
 k - 3 potions of lignification {unknown}
 s - 5 potions of heal wounds
 B - a potion of ambrosia {unknown}
 D - 3 potions of haste
 F - 5 potions of degeneration {unknown}
 G - 2 potions of magic {unknown}
 H - 3 potions of brilliance {unknown}
 J - a potion of attraction {unknown}
 P - a potion of cancellation {unknown}
Miscellaneous
 T - a tin of tremorstones (1/2)


   Skills:
 + Level 7.8 Fighting
 + Level 2.0 Short Blades
 + Level 7.0 Throwing
 + Level 2.6 Armour
 + Level 7.1 Dodging
 * Level 5.5 Stealth
 - Level 9.8 Shields
 + Level 12.4 Unarmed Combat
 + Level 4.3 Invocations
 + Level 4.3 Evocations


You had 13 spell levels left.
You didn't know any spells.
Your spell library contained the following spells:

 Spells                   Type           Power      Damage    Failure   Level
 Shock                    Conj/Air       0%         1d3       54%         1
 Swiftness                Air            0%         N/A       88%         3
 Airstrike                Air            0%         N/A       99%         4


Dungeon Overview and Level Annotations

Branches:
Dungeon (11/15)            Temple (1/1) D:6            Lair (2/6) D:10
 Spider (0/4) Lair:2          Orc (0/2) D:9          Bailey (visited)
  Swamp: Lair:2-4    Shoals: Lair:2-4

Altars:
Ashenzari
Cheibriados
Dithmenos
Elyvilon
Fedhas
Gozag
Hepliaklqana
Kikubaaqudgha
Makhleb
Nemelex Xobeh
Okawaru
Qazlal
Ru
Sif Muna
Trog
Uskayaw
Vehumet
Wu Jian
Xom
Yredelemnul
Zin
The Shining One

Shops:
D:3 [   D:10 *

Portals:
Gauntlet: Lair:2

Annotations:
D:8 2 transporters, IBeShadow's ghost, novice TrMo


Innate Abilities, Weirdness & Mutations

You are too large for most types of armour.
You have claws for hands.
Your natural rate of healing is unusually fast.
You are covered in fur. (AC +1)
You have tough skin. (AC +1)


Message History

The eight-headed hydra bites you!
You block the eight-headed hydra's attack.
The eight-headed hydra misses you.
The eight-headed hydra closely misses you.
You block the eight-headed hydra's attack.
The eight-headed hydra bites you! You block the black mamba's attack.
You rip one of the eight-headed hydra's heads off!
The seven-headed hydra grows two more!
You mangle the nine-headed hydra!!
The nine-headed hydra is severely wounded.
The black mamba bites you! The nine-headed hydra misses you.
The nine-headed hydra barely misses you.
The nine-headed hydra bites you! x3; The nine-headed hydra bites you.
The nine-headed hydra bites you but does no damage.
The nine-headed hydra bites you!
You block the nine-headed hydra's attack.
You rip one of the nine-headed hydra's heads off!
The eight-headed hydra grows two more!
You scratch the ten-headed hydra.
The ten-headed hydra is severely wounded.
Your shadow hits the ten-headed hydra. You block the black mamba's attack.
The black mamba barely misses you. The ten-headed hydra bites you!
* * * LOW HITPOINT WARNING * * *
The ten-headed hydra bites you.
* * * LOW HITPOINT WARNING * * *
The ten-headed hydra bites you but does no damage.
The ten-headed hydra bites you!
* * * LOW HITPOINT WARNING * * *
The ten-headed hydra bites you.
* * * LOW HITPOINT WARNING * * *
The ten-headed hydra closely misses you.
You block the ten-headed hydra's attack. x2
The ten-headed hydra bites you!
* * * LOW HITPOINT WARNING * * *
The ten-headed hydra bites you!
* * * LOW HITPOINT WARNING * * *
Blink to where?
Press: ? - help, Dir - move target
As you read the scroll of blinking, it crumbles to dust.
Okay, then.
You block the black mamba's attack. The black mamba bites you!
You die...

******###*
#.**.##P.## *####
#.,,#!....#####.#..
#.###.#P...#......>
##.#................
#....##P...##.<.....
#..#.....#..........
*#.#.#P.#...#.......
*#.@SD§..P.##.......
#......#.....†......
##...#.....##......<
#...#.#....########
#.#...#...## *,
###.+..#.## **,
#..##.## *****,,
##.*##* *,,,,,, *,*
*,,,,,,


You could see a ten-headed hydra and a black mamba.

Vanquished Creatures
  Josephine (D:10)
  2 hydras
  Nergalle (D:10)
  A deep elf pyromancer (D:11)
  3 oklob plants
  A cyclops (D:11)
  2 vault sentinels (D:8)
  A kobold demonologist (D:10)
  A troll (D:10)
  A polar bear (D:10)
  A hornet (D:10)
  A vampire (D:11)
  A wyvern (D:11)
  5 wraiths (D:10)
  27 yaks
  3 steam dragons
  Eustachio (D:4)
  3 swamp worms (D:11)
  4 wargs (D:9)
  2 acid dragons (D:11)
  4 water moccasins
  A hornet zombie (D:7)
  2 black bears
  2 ice beasts
  A sky beast (D:5)
  2 orc warriors
  4 necrophages
  7 wolves
  2 ogres (D:5)
  5 centaurs
  Blork the orc (D:5)
  6 bullfrogs
  13 kobold brigands
  2 gnoll sergeants (D:9)
  A wyvern zombie (D:7)
  3 killer bees (D:5)
  4 wights
  An electric eel (D:10)
  A bullfrog zombie (D:6)
  7 centaur zombies
  5 hounds
  A human zombie (D:7)
  2 orc priests
  A centaur skeleton (D:4)
  3 gnoll shamans
  Ijyb (D:5)
  6 orc wizards
  5 iguanas
  A killer bee zombie (D:7)
  4 centaur simulacra (D:10)
  2 mummies (D:7)
  A howler monkey zombie (D:9)
  30 gnolls
  6 adders
  A shadow imp (D:8)
  8 white imps
  2 ufetubi
  An adder skeleton (D:5)
  A worm (D:3)
  2 dart slugs
  16 orcs
  10 ball pythons
  6 endoplasms
  5 giant cockroaches
  10 goblins
  16 hobgoblins
  4 jackals (D:2)
  50 kobolds
  3 quokkas
  4 bats (D:1)
  3 frilled lizards
  A rat (D:1)
342 creatures vanquished.

Vanquished Creatures (others)
  A gnoll (D:9)
  A ball python (D:2)
  4 fungi
  12 plants
18 creatures vanquished.

Grand Total: 360 creatures vanquished

Notes
Turn   | Place    | Note
-------+----------+-------------------------------------------
     0 | D:1      | bellerephron the Troll Fighter began the quest for the Orb.
     0 | D:1      | Reached XP level 1. HP: 22/22 MP: 0/0
    13 | D:1      | Found a faded altar of an unknown god.
   140 | D:1      | Reached XP level 2. HP: 27/29 MP: 1/1
   766 | D:2      | Reached XP level 3. HP: 36/36 MP: 2/2
  1565 | D:3      | Reached skill level 3 in Unarmed Combat
  1565 | D:3      | Reached XP level 4. HP: 43/44 MP: 3/3
  1601 | D:3      | Found Keisore's Armour Shoppe.
  2075 | D:3      | Noticed a kobold brigand
  2085 | D:3      | Killed a kobold brigand
  2086 | D:3      | Reached skill level 1 in Throwing
  2086 | D:3      | Reached XP level 5. HP: 32/50 MP: 2/4
  2419 | D:4      | Found a glowing silver altar of Zin.
  2441 | D:4      | Found a burning altar of Makhleb.
  2451 | D:4      | Found a white marble altar of Elyvilon.
  2470 | D:4      | Found a bloodstained altar of Trog.
  2470 | D:4      | Found a hazy altar of Hepliaklqana.
  2487 | D:4      | Reached skill level 4 in Unarmed Combat
  2609 | D:4      | Found a glowing golden altar of the Shining One.
  2740 | D:4      | Reached XP level 6. HP: 57/59 MP: 5/5
  2849 | D:4      | Noticed a water moccasin
  2885 | D:4      | Killed a water moccasin
  2886 | D:4      | Reached skill level 5 in Unarmed Combat
  2892 | D:4      | Identified the +1 ring mail of Netsosch {Contam Int+6}
  2956 | D:4      | Noticed Eustachio
  2959 | D:4      | Found a shadowy altar of Dithmenos.
  2965 | D:4      | Became a worshipper of Dithmenos the Shadowed
  3028 | D:4      | Killed Eustachio
  3029 | D:4      | Reached XP level 7. HP: 66/66 MP: 6/6
  3307 | D:5      | Entered Level 5 of the Dungeon
  3309 | D:5      | Found a snail-covered altar of Cheibriados.
  3622 | D:5      | Noticed Ijyb
  3627 | D:5      | Killed Ijyb
  3628 | D:5      | Reached skill level 6 in Unarmed Combat
  3733 | D:5      | Noticed Blork the orc
  3741 | D:5      | Killed Blork the orc
  3742 | D:5      | Reached XP level 8. HP: 75/75 MP: 7/7
  3746 | D:5      | Reached skill level 5 in Shields
  4003 | D:6      | Found an ancient bone altar of Kikubaaqudgha.
  4139 | D:6      | Reached * piety under Dithmenos
  4187 | D:6      | Reached skill level 1 in Stealth
  4187 | D:6      | Reached skill level 7 in Unarmed Combat
  4506 | D:6      | Found a staircase to the Ecumenical Temple.
  4516 | Temple   | Entered the Ecumenical Temple
  5176 | D:7      | Reached XP level 9. HP: 83/83 MP: 6/8
  5193 | D:7      | Found a flagged portal.
  5212 | Bailey   | Entered a bailey
  5267 | Bailey   | Reached ** piety under Dithmenos
  5417 | Bailey   | Reached skill level 5 in Fighting
  5417 | Bailey   | Reached skill level 5 in Throwing
  5417 | Bailey   | Reached XP level 10. HP: 61/98 MP: 3/11
  5418 | Bailey   | Reached skill level 5 in Dodging
  5418 | Bailey   | Reached XP level 11. HP: 68/107 MP: 3/13
  5419 | Bailey   | Reached XP level 12. HP: 74/115 MP: 3/14
  5420 | Bailey   | Reached XP level 13. HP: 82/124 MP: 4/15
  5421 | Bailey   | Reached skill level 10 in Unarmed Combat
  5421 | Bailey   | Reached XP level 14. HP: 89/133 MP: 4/16
  5610 | D:7      | Found an opulent altar of Gozag.
  5974 | D:7      | Found a basalt altar of Yredelemnul.
  6068 | D:7      | Found a sparkling altar of Nemelex Xobeh.
  6205 | D:8      | Found a transporter.
  6209 | D:8      | Noticed IBeShadow's ghost (novice TrMo)
  6249 | D:8      | Found a transporter.
  6900 | D:8      | Found the +18 shield of the Gong {rElec rN+ Will+ EV-5}
  7211 | D:9      | Reached *** piety under Dithmenos
  7327 | D:9      | Reached skill level 11 in Unarmed Combat
  7553 | D:9      | Found a staircase to the Orcish Mines.
  7640 | D:9      | Found a sacrificial altar of Ru.
  8004 | D:10     | Entered Level 10 of the Dungeon
  8088 | D:10     | Found a staircase to the Lair.
  8135 | D:10     | Found Dietuw's Assorted Antiques.
  8136 | D:10     | Noticed Josephine
  8151 | D:10     | Killed Josephine
  8475 | D:10     | Reached skill level 5 in Stealth
  8653 | D:10     | Reached **** piety under Dithmenos
  8776 | D:10     | Noticed Nergalle
  8785 | D:10     | Killed Nergalle
  9182 | D:10     | Bought a potion of haste for 240 gold pieces
  9182 | D:10     | Bought a scroll of blinking for 180 gold pieces
  9182 | D:10     | Bought an encrusted iron ring for 120 gold pieces
  9182 | D:10     | Bought a shiny silver ring for 120 gold pieces
  9217 | D:11     | Reached skill level 12 in Unarmed Combat
  9826 | D:11     | Identified the +3 ring mail "Ohaur" {+Inv rN+ Regen+ Dex-3}
 10116 | Lair:1   | Entered Level 1 of the Lair of Beasts
 10652 | Lair:1   | Found a blossoming altar of Fedhas.
 10964 | Lair:2   | Found a gate leading to a gauntlet.
 10977 | Lair:2   | HP: 2/135 [ten-headed hydra (10)]
 10979 | Lair:2   | Slain by a black mamba

Illustrated notes

Levels and vault maps discovered:
D:1:      amcnicky_arrival_gap_in_the_tavern_cellar, layout_loops_ring,
          basic_ecumenical_altar, minmay_tromino_i2
D:2:      layout_basic, dk_noncrumbling_4, minmay_misc_feat_roman,
          lemuel_old_faithful
D:3:      layout_loops_corners, serial_shops, shop
D:4:      minmay_chambers_of_fours, layout_loops_ring,
          nicolae_tso_swordbearing_angel, lemuel_doored_altar,
          grunt_temple_overflow_open, uniq_eustachio
D:5:      layout_basic, kennysheep_slug_shrine, uniq_ijyb, uniq_blork_the_orc
D:6:      layout_basic, mainiacjoe_overflow_boulevard, minmay_temple_entry_waves
D:7:      layout_basic, nicolae_gozag_seed_capital,
          lemuel_mausoleum_altar_yredelemnul, nemelex_spade_bored_becter,
          enter_bailey_3
D:8:      layout_basic, gammafunk_ghost_stat_death, hellmonk_guarded_unrand_gong
D:9:      layout_basic, nicolae_ru_great_annihilating_truth,
          minmay_orc_entry_guard_dogs
D:10:     layout_roguey, dpeg_oklobed_lair, serial_ice, serial_ice_b,
          serial_ice_c, serial_ice_m, serial_ice_j, serial_ice_g, serial_ice_f,
          serial_ice_e, special_room [special_room_kobold], serial_shops, shop,
          uniq_nergalle, uniq_josephine
D:11:     layout_stronghold, worms_lemuel
Temple:   compressed_dpeg_triangle_lava_temple
Lair:1:   layout_roguey, hangedman_tree_tricks
Lair:2:   layout_roguey, dummy_spider_entry, gauntlet_entry_generic, uniq_sonja

Skill      XL: |  1  2  3  4  5  6  7  8  9 10 11 12 13 14 |
---------------+-------------------------------------------+-----
Shields        | 3 4 5 7 8 9 |  9.8
Unarmed Combat | 3 4 5 6 7 10 12 | 12.4
Throwing       | 1 2 3 5 6 7 |  7.0
Dodging        | 3 4 5 6 7 |  7.1
Fighting       | 3 5 6 7 |  7.8
Stealth        | 1 2 3 4 5 |  5.5
Invocations    | 3 4 |  4.3
Evocations     | 2 3 4 |  4.3
Short Blades   | 2 |  2.0
Armour         | 2 |  2.6

Action                   |  1- 3 |  4- 6 |  7- 9 | 10-12 | 13-15 || total
-------------------------+-------+-------+-------+-------+-------++-------
Melee: Unarmed           |   131 |   135 |   210 |       |   572 ||  1048
Throw: Dart              |       |    15 |    40 |       |     7 ||    62
       Boomerang         |       |       |       |       |     9 ||     9
Invok: Shadow Step       |       |       |       |       |     5 ||     5
Evoke: Wand              |       |       |     5 |       |     8 ||    13
       Tin of tremorston |       |       |       |       |     1 ||     1
  Use: Scroll            |       |       |     5 |       |     4 ||     9
       Potion            |       |       |     1 |     3 |     2 ||     6
 Stab: Paralysed         |       |       |     4 |       |     8 ||    12
       Sleeping          |       |       |       |       |    16 ||    16
       Distracted        |       |       |       |       |     2 ||     2
Armor: Robe              |    35 |    40 |    20 |       |    13 ||   108
       Steam dragon scal |       |       |       |       |    46 ||    46
       Troll leather arm |       |       |       |       |    18 ||    18
Dodge: Dodged            |    30 |    37 |    76 |       |   191 ||   334
Block: Kite shield       |    71 |    84 |    88 |       |   236 ||   479
